 Dungeon Crawl Stone Soup version 0.31-a0-210-gccc998df9b (webtiles) character file.

Game seed: 9306157628634850723

47 qw the Shooter (level 3, -10/29 HPs)
             Began as a Minotaur Hexslinger on June 29, 2023.
             Mangled by Sigmund
             ... wielding a +0 scythe
              (12 damage)
             ... on level 2 of the Dungeon.
             The game lasted 00:00:33 (998 turns).

qw the Shooter (Minotaur Hexslinger)                 Turns: 998, Time: 00:00:33

Health: -10/29     AC:  0    Str: 12    XL:     3   Next: 48%
Magic:  3/3        EV: 14    Int: 10    God:
Gold:   50         SH:  0    Dex: 14    Spells: 3/4 levels left

rFire   . . .        Y - melded +1 sling
rCold   . . .        (shield currently unavailable)
rNeg    . . .        h - melded +0 ring mail
rPois   .            (helmet currently unavailable)
rElec   .            (cloak currently unavailable)
rCorr   .            (gloves currently unavailable)
SInv    .            (boots currently unavailable)
Will    .....        (no amulet)
Stlth   +            e - melded +6 ring of dexterity
HPRegen 0.24/turn    l - melded ring of positive energy
MPRegen 0.08/turn

%: no passive effects
@: pig-form (expiring), very quick
A: fast, no casting, small, (horns 2), (retaliatory headbutt)
a: no special abilities


You were on level 2 of the Dungeon.
You were a filthy swine.
You visited 1 branch of the dungeon, and saw 2 of its levels.

You collected 50 gold pieces.


Innate Abilities, Weirdness & Mutations

You are a filthy swine.
You move quickly.
Your equipment is almost entirely melded.
You are incapable of wielding weapons or throwing items.
You cannot cast spells.
((You have a pair of horns on your head.))
((You reflexively headbutt those who attack you in melee.))


   Skills:
 - Level 2.0 Fighting
 - Level 4.0 Ranged Weapons
 + Level 0.5 Armour
 - Level 2.1 Dodging
 - Level 1.0 Spellcasting
 - Level 2.0 Hexes


You had 3 spell levels left.
You knew the following spells:

 Your Spells              Type           Power      Damage    Failure   Level
a - Slow                  Hex            16%        N/A       16%         1

Your spell library contained the following spells:

 Spells                   Type           Power      Damage    Failure   Level
 Inner Flame              Hex/Fire       2%         N/A       56%         3
 Portal Projectile        Hex/Tloc       4%         N/A       56%         3
 Cause Fear               Hex            2%         N/A       83%         4

Inventory:

Hand Weapons
 Y - a +1 sling (melded)
Armour
 h - a +0 ring mail (melded)
Jewellery
 a - a ring of fire
 e - a +6 ring of dexterity (melded)
 l - a ring of positive energy (melded)
Scrolls
 b - a scroll of blinking {unknown}
 c - a scroll of brand weapon {unknown}
 i - a scroll of torment {unknown}
 m - a scroll of fear {unknown}
 n - a scroll of identify
Potions
 d - 2 potions of curing {unknown}
 f - a potion of lignification {unknown}
 g - a potion of brilliance {unknown}
 j - a potion of haste {unknown}
 k - a potion of might

Dungeon Overview and Level Annotations

Branches:
Dungeon (2/15)

Altars:
The Shining One

Annotations:
D:2 1 runed translucent door, Crazy Yiuf, Sigmund


Message History

Something tries to affect you, but you resist.
You shoot a sling bullet. You shoot a sling bullet. You shoot a sling bullet.
You hear a zap.
Something tries to affect you, but you resist.
You shoot a sling bullet. Something hits you but does no damage.
You shoot a sling bullet. You shoot a sling bullet.
You hear a zap.
You turn into a filthy swine.
Your +1 sling melds into your body.
Your +0 ring mail melds into your body.
Your +6 ring of dexterity melds into your body.
Your ring of positive energy melds into your body.
You feel clumsy. Something hits you!
You start resting.
Something completely misses you. x2
There is a strange disturbance nearby!
989 ||| Stepping randomly (disturbance).
990 ||| Stepping randomly (disturbance).
Something hits you!
991 ||| Stepping randomly (disturbance).
992 ||| Stepping randomly (disturbance).
You start resting.
Something hits you.
You start resting.
There is a strange disturbance nearby!
995 ||| Stepping randomly (disturbance).
Your transformation is almost over.
Something hits you.
996 ||| Stepping randomly (disturbance).
You miss something.
There is a strange disturbance nearby!
Something barely misses you.
998 ||| Stepping randomly (disturbance).
You closely miss something. Something hits you!
You die...

##### ##########...# ###
####........#.#.##
.....###............)....
<.....>{h##.........####.
.....######........## #.
... ###........# #. #
#.....###### ## #.##### #
#. ##### . #.... .# #....
#. #....


There were no monsters in sight!

Vanquished Creatures
  An adder (D:1)
  A worm (D:2)
  A dart slug (D:2)
  4 goblins
  3 hobgoblins
  2 kobolds
  6 quokkas
  2 ball pythons (D:1)
  5 bats
  A frilled lizard (D:2)
  6 rats
32 creatures vanquished.

Notes
Turn   | Place    | Note
-------+----------+-------------------------------------------
     0 | D:1      | qw the Minotaur Hexslinger began the quest for the Orb.
     0 | D:1      | Reached XP level 1. HP: 16/16 MP: 1/1
     0 | D:1      | 0 ||| qw: Version: 0.3-a-24-g62f9e04
     0 | D:1      | 0 ||| qw: Game counter: 6737
     0 | D:1      | 0 ||| qw: Melee chars always use a shield: true
     0 | D:1      | 0 ||| qw: God list: Okawaru
     0 | D:1      | 0 ||| qw: Allow faded altars: false
     0 | D:1      | 0 ||| qw: Do Orc after clearing Dungeon:15 true
     0 | D:1      | 0 ||| qw: Do second Lair branch before Depths: true
     0 | D:1      | 0 ||| qw: Lair rune preference: random
     0 | D:1      | 0 ||| qw: Goals: Normal
     0 | D:1      | 0 ||| PLANNING D:1-11
    85 | D:1      | 85 ||| FLEEEEING.
   141 | D:1      | Reached skill level 3 in Ranged Weapons
   193 | D:1      | Reached XP level 2. HP: 23/23 MP: 2/2
   718 | D:1      | 718 ||| UPGRADING to +0 ring mail.
   728 | D:1      | 728 ||| DROPPING +0 robe.
   729 | D:1      | 729 ||| UPGRADING to +6 ring of dexterity.
   730 | D:1      | 730 ||| DROPPING ring of wizardry.
   731 | D:1      | 731 ||| UPGRADING to ring of positive energy.
   732 | D:1      | 732 ||| READING scroll labelled UNWUGY UTISAAM.
   733 | D:1      | 733 ||| READING scroll labelled URREDYS GIUSKI.
   734 | D:1      | 734 ||| DRINKING 2 cyan potions.
   735 | D:1      | 735 ||| DROPPING scroll of poison.
   749 | D:2      | 749 ||| STAIRDANCE
   757 | D:1      | Reached XP level 3. HP: 29/29 MP: 3/3
   858 | D:2      | Found a runed translucent door.
   859 | D:2      | Noticed Crazy Yiuf
   885 | D:2      | Reached skill level 4 in Ranged Weapons
   931 | D:2      | Found a glowing golden altar of the Shining One.
   976 | D:2      | Noticed Sigmund
   989 | D:2      | 989 ||| Stepping randomly (disturbance).
   990 | D:2      | 990 ||| Stepping randomly (disturbance).
   991 | D:2      | 991 ||| Stepping randomly (disturbance).
   992 | D:2      | 992 ||| Stepping randomly (disturbance).
   993 | D:2      | HP: 2/29 [something (6)]
   995 | D:2      | 995 ||| Stepping randomly (disturbance).
   996 | D:2      | 996 ||| Stepping randomly (disturbance).
   998 | D:2      | 998 ||| Stepping randomly (disturbance).
   998 | D:2      | Mangled by Sigmund

Levels and vault maps discovered:
D:1:      minmay_arrival_doors, layout_basic, hex_tiny
D:2:      layout_rooms, basic_altar, uniq_sigmund, uniq_crazy_yiuf_cottage

Skill      XL: |  1  2  3 |
---------------+----------+-----
Ranged Weapons | 3 4 |  4.0
Fighting       | 2 |  2.0
Armour         | |  0.5
Dodging        | |  2.1
Spellcasting   | |  1.0
Hexes          | |  2.0

Action                     || total
---------------------------++-------
  Melee: Unarmed           ||     2
   Fire: Sling             ||   127
    Use: Scroll            ||     2
         Potion            ||     1
 Armour: Robe              ||     7
         Ring mail         ||    12
  Dodge: Dodged            ||    42

Table legend:
 A = Non-vault XP
 B = Vault XP
 C = Vault XP percentage of total XP
 D = Non-vault monster count
 E = Vault monster count
 F = Vault count percentage of total count
                 A         B        C        D         E       F
            +---------+---------+-------+---------+---------+-------
      Total |      68 |       0 |   0.0 |      32 |       0 |   0.0
            +---------+---------+-------+---------+---------+-------
        D:1 |      48 |       0 |   0.0 |      23 |       0 |   0.0
        D:2 |      20 |       0 |   0.0 |       9 |       0 |   0.0
            +---------+---------+-------+---------+---------+-------
